 Dungeon Crawl Stone Soup version 0.29.1-15-g9cfb28693d (webtiles) character file.

Game seed: 5754775881362140628

72 javelincjr the Magician (level 4, -4/32 HPs)
             Began as a Demonspawn Hedge Wizard on Mar 31, 2023.
             Was a Follower of Vehumet.
             Slain by an orc
             ... wielding a +0 hand axe
              (5 damage)
             ... on level 2 of the Dungeon.
             The game lasted 00:06:45 (2973 turns).

javelincjr the Magician (Demonspawn Hedge Wizard)   Turns: 2973, Time: 00:06:45

Health: -4/32      AC:  3    Str: 13    XL:     4   Next: 6%
Magic:  9/9        EV: 12    Int: 15    God:    Vehumet [*.....]
Gold:   44         SH:  0    Dex: 12    Spells: 3/9 levels left

rFire   x . .      SeeInvis .   a - +0 dagger
rCold   + . .      Faith    .   (no shield)
rNeg    . . .      Spirit   .   b - +0 robe
rPois   .          Reflect  .   c - +0 hat
rElec   .          Harm     .   k - +0 cloak
rCorr   .          Rampage  .   (no gloves)
Will    .....                   (no boots)
Stlth   ++........              (no amulet)
HPRegen 0.10/turn               j - ring of ice
MPRegen 0.11/turn               (no ring)

@: very slightly contaminated
A: sturdy frame 2
a: Renounce Religion


You were on level 2 of the Dungeon.
You worshipped Vehumet.
Vehumet was aware of your devotion.
You visited 1 branch of the dungeon, and saw 3 of its levels.

You collected 44 gold pieces.

Inventory:

Hand Weapons
 a - a +0 dagger (weapon)
Missiles
 f - 10 javelins
Armour
 b - a +0 robe (worn)
 c - a +0 hat (worn)
 k - a +0 cloak (worn)
Jewellery
 j - a ring of ice (left hand)
Scrolls
 h - a scroll of fear {unknown}
 l - a scroll of enchant armour {unknown}
 n - a scroll of identify {unknown}
Potions
 d - a potion of magic
 e - a potion of attraction {unknown}
 g - a potion of brilliance {unknown}
 i - a potion of might {unknown}
 m - a potion of haste
 o - 3 potions of curing {unknown}


   Skills:
 * Level 1.2 Fighting
 + Level 1.0 Armour
 + Level 2.1 Dodging
 - Level 1.8 Stealth
 * Level 3.4 Spellcasting
 + Level 1.4 Conjurations
 + Level 1.5 Summonings
 + Level 1.3 Translocations


You had 3 spell levels left.
You knew the following spells:

 Your Spells              Type           Power      Damage    Failure   Level
a - Magic Dart            Conj           24%        1d4       11%         1
b - Call Imp              Summ           7%         N/A       16%         2
c - Blink                 Tloc           12%        N/A       17%         2
d - Foxfire               Conj/Fire      16%        2x1d4     14%         1

Your spell library contained the following spells:

 Spells                   Type           Power      Damage    Failure   Level
 Slow                     Hex            8%         N/A       19%         1
 Conjure Flame            Conj/Fire      4%         6-21      41%         3
 Mephitic Cloud           Conj/Pois/Air  4%         N/A       43%         3


Dungeon Overview and Level Annotations

Branches:
Dungeon (3/15)

Altars:
Vehumet


Innate Abilities, Weirdness & Mutations

Your movements are less encumbered by armour. (ER -4)


Message History

You conjure some foxfire!
The foxfire hits the orc priest.
The orc priest is moderately wounded.
The foxfire hits the giant cockroach.
You kill the giant cockroach!
Vehumet accepts your kill.
You feel your power returning. The goblin closely misses you.
The orc hits you but does no damage. The orc closely misses your foxfire.
The orc priest hits you with a +2 whip of flaming.
The orc priest burns you.
You conjure some foxfire!
The foxfire hits the orc priest.
The orc priest is moderately wounded.
The foxfire hits the orc but does no damage.
The orc is almost dead.
The orc priest barely misses you. The goblin hits you with a +0 dagger.
The orc hits you with a +0 hand axe.
You are too injured to fight recklessly!
The foxfire hits the orc priest.
The orc priest is heavily wounded.
The foxfire hits the orc priest.
The orc priest is severely wounded.
You are too injured to fight recklessly!
Casting: Foxfire (safe; 14% risk of failure)
Confirm with . or Enter, or press ? or * to list all spells.
You don't know that spell.
Casting: Foxfire (safe; 14% risk of failure)
Confirm with . or Enter, or press ? or * to list all spells.
You miscast Foxfire.
You are very lightly contaminated with residual magic.
Nothing appears to happen.
The goblin barely misses you. The orc hits you with a +0 hand axe.
* * * LOW HITPOINT WARNING * * *
The orc priest hits you with a +2 whip of flaming.
* * * LOW HITPOINT WARNING * * *
The orc priest burns you.
* * * LOW HITPOINT WARNING * * *
Magic courses through your body. The orc priest closely misses you.
The goblin hits you with a +0 dagger.
* * * LOW HITPOINT WARNING * * *
The orc hits you with a +0 hand axe.
You die...

#^##.# #.##..#...............
#.##.# #.##.##......##...###.
#.##.# #.##.##.)###..........
#.##.# #.##.##..###.###..#...
#.##.# ##.##.##.....####..#.#.
#.##.#####...#.##...........#.#.
#.##......#.#...##.#.######.#.#.
#.######...........#.######.#.#.
#.# ##.#...o@...(.)........#.
#.# ##....>go............##. #.#
##.....###########.###< #.#
##.#### ### #. #.##########.# ##
#............# ##############


You could see an orc priest, an orc and a goblin.

Vanquished Creatures
  2 adders (D:2)
  A bat (D:2)
  6 endoplasms
  2 giant cockroaches (D:2)
  4 goblins
  5 hobgoblins
  A jackal (D:2)
  8 kobolds
  6 ball pythons
  7 frilled lizards
  5 rats
47 creatures vanquished.

Vanquished Creatures (collateral kills)
  A worm (D:2)
  A jackal (D:2)
2 creatures vanquished.

Vanquished Creatures (others)
  22 foxfires
22 creatures vanquished.

Grand Total: 71 creatures vanquished

Notes
Turn   | Place    | Note
-------+----------+-------------------------------------------
     0 | D:1      | javelincjr the Demonspawn Hedge Wizard began the quest for
                  | the Orb.
     0 | D:1      | Reached XP level 1. HP: 13/13 MP: 4/4
    85 | D:1      | Reached skill level 1 in Translocations
   282 | D:1      | Gained mutation: Your movements are slightly less
                  | encumbered by armour. (ER -2) [demonic ancestry]
   282 | D:1      | Reached XP level 2. HP: 15/19 MP: 3/6
  1391 | D:2      | Gained mutation: Your movements are less encumbered by
                  | armour. (ER -4) [demonic ancestry]
  1391 | D:2      | Reached XP level 3. HP: 16/25 MP: 0/7
  1916 | D:2      | Learned a level 2 spell: Call Imp
  1919 | D:2      | Learned a level 2 spell: Blink
  1975 | D:2      | Reached skill level 1 in Fighting
  2063 | D:2      | HP: 1/26 [worm (1)]
  2531 | D:2      | Reached skill level 1 in Armour
  2623 | D:2      | Noticed a floating eye
  2625 | D:2      | Found a faded altar of an unknown god.
  2632 | D:2      | Reached XP level 4. HP: 32/32 MP: 3/9
  2632 | D:2      | Noticed a shining eye
  2632 | D:2      | Noticed a shining eye
  2632 | D:2      | Noticed a golden eye
  2637 | D:2      | Prayed at the altar of an unknown god.
  2637 | D:2      | Became a worshipper of Vehumet
  2637 | D:2      | Reached * piety under Vehumet
  2637 | D:2      | Offered knowledge of Foxfire by Vehumet.
  2640 | D:2      | Learned a level 1 spell: Foxfire
  2973 | D:2      | HP: 1/32 [goblin/+0 dagger (2)]
  2973 | D:2      | Slain by an orc

Illustrated notes

Levels and vault maps discovered:
D:1:      minmay_arrival_open_corners, layout_basic
D:2:      layout_loops_ring, hellmonk_ecumenical_altar_watching_god
D:3:      layout_rooms, minmay_ruptured, uniq_terence

Skill      XL: |  1  2  3 |
---------------+----------+-----
Translocations | 1 |  1.3
Dodging        | 2 |  2.1
Fighting       | 1 |  1.2
Armour         | 1 |  1.0
Stealth        | |  1.8
Spellcasting   | |  3.4
Conjurations   | |  1.4
Summonings     | |  1.5

Action                   |  1- 3 |  4- 6 || total
-------------------------+-------+-------++-------
Melee: Dagger            |    43 |       ||    43
 Cast: Magic Dart        |   110 |       ||   110
       Call Imp          |     3 |       ||     3
       Foxfire           |       |    13 ||    13
  Use: Potion            |       |     1 ||     1
Armor: Robe              |     5 |     4 ||     9
Dodge: Dodged            |    54 |    10 ||    64
